 Seeded DCSS version 0.30-a0-373-gd37427bb62 (webtiles) character file.

Game seed: 16224117804275112263 (custom seed)

23 flotson the Sneak (level 2, 0/24 HPs)
             Began as a Demonspawn Delver on Nov 24, 2022.
             Succumbed to an orc's poison
             ... on level 3 of the Dungeon.
             The game lasted 00:01:26 (187 turns).

flotson the Sneak (Demonspawn Delver)                Turns: 187, Time: 00:01:27

Health: 0/24       AC: 11    Str: 12    XL:     2   Next: 75%
Magic:  11/11      EV:  9    Int: 11    God:
Gold:   10         SH:  0    Dex: 14    Spells: 1/1 levels left

rFire   . . .      SeeInvis +    a - +0 spear
rCold   . . .      Faith    .    (no shield)
rNeg    + . .      Spirit   .    f - +5 scale mail of Mumblety Peg {rN+ MP+9 SInv}
rPois   .          Reflect  .    (no helmet)
rElec   .          Harm     .    (no cloak)
rCorr   .          Rampage  .    (no gloves)
Will    +....                    (no boots)
Stlth   +.........               (no amulet)
HPRegen 0.24/turn                h - ring of willpower
MPRegen 0.24/turn                (no ring)

@: lethally poisoned (0 -> -5)
A: magic regeneration
a: no special abilities


You were on level 3 of the Dungeon.
You visited 1 branch of the dungeon, and saw 3 of its levels.

You collected 10 gold pieces.

Inventory:

Hand Weapons
 a - a +0 spear (weapon)
Armour
 f - the +5 scale mail of Mumblety Peg (worn) {rN+ MP+9 SInv}
   (You found it on level 5 of the Dungeon)

   rN:        It protects you from negative energy.
   MP:        It affects your magic capacity (+9).
   SInv:      It lets you see invisible.
Jewellery
 h - a ring of willpower (left hand)
Wands
 g - a wand of digging (3)
Scrolls
 c - a scroll of fog
 d - a scroll of magic mapping
 e - a scroll of fear


   Skills:
 + Level 3.2 Fighting
 - Level 1.7 Polearms
 + Level 1.0 Armour
 + Level 2.1 Dodging
 - Level 4.5 Stealth
 + Level 1.0 Evocations


You had one spell level left.
You didn't know any spells.
Your spell library was empty.

Dungeon Overview and Level Annotations

Branches:
Dungeon (5/15)
 Temple: D:4-7

Altars:


Innate Abilities, Weirdness & Mutations

You regenerate magic rapidly.


Message History

The orc is moderately wounded.
The orc hits you with a +0 club.
You hit the orc but do no damage.
The orc is moderately wounded.
The orc hits you with a +0 club. The orc completely misses you.
You are too injured to fight recklessly!
You are too injured to fight recklessly!
You are too injured to fight recklessly!
You are too injured to fight recklessly!
You are too injured to fight recklessly!
You see here a bat corpse.
The orc attacks as you move away! The orc barely misses you.
The orc throws a poisoned dart.
The poisoned dart barely misses you.
The orc throws a poisoned dart.
The poisoned dart hits you.
You are poisoned.
You feel sick.
You feel sick.
The orc throws a poisoned dart.
The poisoned dart closely misses you.
You feel sick.
You feel sick.
The orc throws a poisoned dart.
The poisoned dart hits you!
You are more poisoned.
You aren't carrying any potions.
You feel sick.
The orc throws a poisoned dart.
The poisoned dart hits you!
You are lethally poisoned!
* * * LOW HITPOINT WARNING * * *
You feel very sick.
The orc throws a poisoned dart.
The poisoned dart closely misses you.
* * * LOW HITPOINT WARNING * * *
You feel sick.
You hit the orc but do no damage.
The orc is moderately wounded.
* * * LOW HITPOINT WARNING * * *
You feel sick. The orc hits you but does no damage.
You hit the orc but do no damage.
The orc is moderately wounded.
* * * LOW HITPOINT WARNING * * *
You feel sick. The orc hits you but does no damage.
You barely miss the orc.
The orc is moderately wounded.
You die...

### #.# #.# #.# #@#
### .# #o# #.#####.#
#w# #.......#
#.#####.......##
#.##..)w........
#.##†##.......#
.##.##.##.##.......#
..............>.....#
...#.##.##...†.#+##.#


You could see a worm and an orc.

Vanquished Creatures
  2 adders
  An orc (D:4)
  A goblin (D:3)
  A hobgoblin (D:3)
  A bat (D:3)
6 creatures vanquished.

Notes
Turn   | Place    | Note
-------+----------+-------------------------------------------
     0 | D:5      | flotson the Demonspawn Delver began the quest for the Orb.
     0 | D:5      | Reached XP level 1. HP: 18/18 MP: 1/1
    24 | D:5      | Gained mutation: You regenerate magic rapidly. [demonic
                  | ancestry]
    24 | D:5      | Reached XP level 2. HP: 19/24 MP: 2/2
    24 | D:5      | Identified the +5 scale mail of Mumblety Peg {rN+ MP+9
                  | SInv}
   162 | D:3      | Reached skill level 1 in Armour
   162 | D:3      | Reached skill level 1 in Evocations
   186 | D:3      | HP: 1/24 [poisoned by an orc]
   187 | D:3      | Succumbed to an orc's poison

Illustrated notes

Levels and vault maps discovered:
D:3:      layout_basic, minmay_vboxes
D:4:      layout_rooms, nicolae_overflow_squiral, lemuel_doored_altar,
          serial_shops, nicolae_shop_overgrown_old_shop, uniq_robin
D:5:      layout_rooms, kennysheep_little_box, minmay_holes

Skill      XL: |  1  2 |
---------------+-------+-----
Dodging        | 2 |  2.1
Armour         | 1 |  1.0
Evocations     | 1 |  1.0
Fighting       | |  3.2
Polearms       | |  1.7
Stealth        | |  4.5

Action                   || total
-------------------------++-------
Melee: Spear             ||    48
  Use: Potion            ||     1
 Stab: Sleeping          ||     1
Armor: Scale mail        ||    48
Dodge: Dodged            ||    44

Table legend: (Time is in decaauts)
 A = Elapsed time spent in this place.
 B = Non-inter-level travel time spent in this place.
 C = Inter-level travel time spent in this place.
 D = Time resting spent in this place.
 E = Time spent auto-exploring this place.
 F = Levels seen in this place.
 G = Mean time per level.
                   A        B        C        D        E       F      G
               +--------+--------+--------+--------+--------+-----+--------+
         Total |    168 |    168 |      0 |      0 |     23 |   3 |   56.0 |
       Dungeon |    168 |    168 |      0 |      0 |     23 |   3 |   56.0 |
               +--------+--------+--------+--------+--------+-----+--------+

Top non-repeatable levels by time:
     D:4: 70 daAuts
     D:3: 67 daAuts
     D:5: 30 daAuts
